 Dungeon Crawl Stone Soup version 0.25-a0-59-gf342c8b036 (webtiles) character file.

Game seed: 7040633961221544605, levelgen mode: deterministic

102 Napalmbreeze the Chiller (level 4, -1/36 HPs)
             Began as a Demigod Ice Elementalist on Oct 28, 2019.
             Slain by a killer bee (5 damage)
             ... on level 2 of the Dungeon.
             The game lasted 00:04:56 (1531 turns).

Napalmbreeze the Chiller (Demigod Ice Elementalist) Turns: 1531, Time: 00:04:56

Health: -1/36      AC:  2    Str: 11    XL:     4   Next: 25%
Magic:  5/11       EV: 12    Int: 21    God:
Gold:   43         SH:  0    Dex: 16    Spells: 6/9 levels left

rFire    . . .     SeeInvis .   (no weapon)
rCold    . . .     Gourm    .   (no shield)
rNeg     . . .     Faith    .   a - +0 robe
rPois    .         Spirit   .   (no helmet)
rElec    .         Reflect  .   (no cloak)
rCorr    .         Harm     .   (no gloves)
MR       .....                  (no boots)
Stlth    ++........             (no amulet)
HPRegen  0.12/turn              e - ring of flight
MPRegen  0.12/turn              (no ring)

@: very slightly contaminated
A: high mp 1
a: Evoke Flight


You were on level 2 of the Dungeon.
You were not hungry.

You visited 1 branch of the dungeon, and saw 2 of its levels.

You collected 43 gold pieces.

Inventory:

Armour
 a - a +0 robe (worn)
Jewellery
 e - a ring of flight (left hand)
Potions
 d - a potion of curing {unknown}
Comestibles
 b - 3 chunks of flesh
 c - 4 rations


   Skills:
 + Level 1.8 Fighting
 - Level 1.7 Dodging
 - Level 1.7 Stealth
 * Level 3.0 Spellcasting
 - Level 0.8 Conjurations
 + Level 3.4 Ice Magic


You had 6 spell levels left.
You knew the following spells:

 Your Spells              Type           Power        Failure   Level  Hunger
a - Freeze                Ice            ###.         3%          1    None
s - Throw Frost           Conj/Ice       ##....       9%          2    ##.....

Your spell library contained the following spells:

 Spells                   Type           Power        Failure   Level  Hunger
 Ozocubu's Armour         Chrm/Ice       ##......     21%         3    ###....
 Throw Icicle             Conj/Ice       ##......     50%         4    ####...
 Summon Ice Beast         Ice/Summ       ##......     54%         4    ####...


Dungeon Overview and Level Annotations

Branches:
Dungeon (2/15)


Innate Abilities, Weirdness & Mutations

You have an increased reservoir of magic. (+10% MP)


Message History

Aim: a killer bee (lightly wounded)
You freeze the killer bee!
The killer bee is heavily wounded.
The killer bee stings you! The killer bee closely misses you.
The killer bee stings you. The killer bee misses you.
The killer bee stings you but does no damage.
The killer bee misses you. The killer bee stings you!
* * * LOW HITPOINT WARNING * * *
The killer bee barely misses you.
Casting: Freeze (safe; 3% risk of failure)
Confirm with . or Enter, or press ? or * to list all spells.
Aiming: Freeze (safe; 3% risk of failure)
Press: ? - help, Shift-Dir - straight line, f/p - killer bee
Aim: a killer bee (heavily wounded)
You freeze the killer bee!
You kill the killer bee!
Your Spellcasting skill increases to level 3!
You have reached level 4!
The killer bee stings you.
You die...

# #.#.# #.######## # #.#.#
#........# # #.#.#
#........# ###.#.#
#).......# #.#.#.#
#.#.####.# ..
#.#.#.#####.#... #.# ....
#.........#.#...##.#.....
#.#######.#.#...#y........
#..÷............@y........
#..#......#.#...y†........
#..#.....##.#.#.##.#######
#..#........# #. #..#
#..#....#### #. ##.#
........# #. ..
.###.#..#.. #. .#.
.....#..#.## ##. .#
######..... .# #


You could see 3 killer bees.

Vanquished Creatures
  A killer bee (D:2)
  An adder (D:2)
  2 dart slugs (D:1)
  2 ball pythons
  4 bats (D:1)
  6 giant cockroaches
  A goblin (D:1)
  6 hobgoblins
  3 frilled lizards (D:1)
  9 kobolds
  11 rats
46 creatures vanquished.

Vanquished Creatures (others)
  A plant (D:2)
1 creature vanquished.

Grand Total: 47 creatures vanquished

Notes
Turn   | Place    | Note
-------+----------+-------------------------------------------
     0 | D:1      | Napalmbreeze the Demigod Ice Elementalist began the quest
                  | for the Orb.
     0 | D:1      | Reached XP level 1. HP: 14/14 MP: 5/5
   237 | D:1      | Reached XP level 2. HP: 22/22 MP: 5/7
   279 | D:1      | Reached skill level 1 in Fighting
   348 | D:1      | Learned a level 2 spell: Throw Frost
   856 | D:1      | Reached XP level 3. HP: 28/28 MP: 6/9
  1531 | D:2      | Reached XP level 4. HP: 4/36 MP: 5/11
  1531 | D:2      | Slain by a killer bee

Levels and vault maps discovered:
D:1:      tarquinn_simple_flora_water_e, layout_basic, minmay_fountain_box,
          minmay_tromino_i4
D:2:      layout_basic, st_stairs_13, fedhas_ov_isle_minmay, uniq_terence

Skill      XL: |  1  2  3 |
---------------+----------+-----
Spellcasting   | 2 3 |  3.0
Fighting       | 1 |  1.8
Ice Magic      | 3 |  3.4
Dodging        | |  1.7
Stealth        | |  1.7
Conjurations   | |  0.8

Action                   |  1- 3 |  4- 6 || total
-------------------------+-------+-------++-------
Melee: Unarmed           |    14 |       ||    14
 Cast: Freeze            |    59 |     1 ||    60
       Throw Frost       |    10 |       ||    10
  Eat: Chunk             |     3 |       ||     3
Armor: Robe              |    21 |       ||    21
Dodge: Dodged            |    60 |       ||    60

Table legend:
 A = Non-vault XP
 B = Vault XP
 C = Vault XP percentage of total XP
 D = Non-vault monster count
 E = Vault monster count
 F = Vault count percentage of total count
                 A         B        C        D         E       F
            +---------+---------+-------+---------+---------+-------
      Total |     141 |       5 |   3.4 |      43 |       3 |   6.5
            +---------+---------+-------+---------+---------+-------
        D:1 |      54 |       5 |   8.5 |      33 |       3 |   8.3
        D:2 |      87 |       0 |   0.0 |      10 |       0 |   0.0
            +---------+---------+-------+---------+---------+-------
